 Dungeon Crawl Stone Soup version 0.29.1-12-g30fa7ad0bf (webtiles) character file.

Game seed: 13009579650570144768

1 cdecastro the Caller (level 1, -2/13 HPs)
             Began as a Barachi Summoner on Jan 15, 2023.
             Slain by a hobgoblin (5 damage)
             ... on level 1 of the Dungeon.
             The game lasted 00:00:40 (122 turns).

cdecastro the Caller (Barachi Summoner)              Turns: 122, Time: 00:00:41

Health: -2/13      AC:  2    Str:  9    XL:     1   Next: 20%
Magic:  2/3        EV: 12    Int: 15    God:
Gold:   0          SH:  0    Dex: 12    Spells: 3/4 levels left

rFire   . . .      SeeInvis .   (no weapon)
rCold   . . .      Faith    .   (no shield)
rNeg    . . .      Spirit   .   a - +0 robe
rPois   .          Reflect  .   (no helmet)
rElec   .          Harm     .   (no cloak)
rCorr   .          Rampage  .   (no gloves)
Will    .....                   (no boots)
Stlth   ++........              (no amulet)
HPRegen 0.04/turn               (no ring)
MPRegen 0.08/turn               (no ring)

@: slow
A: amphibious, slowness 1, strong legs 1, +LOS
a: Hop


You were on level 1 of the Dungeon.
You visited 1 branch of the dungeon, and saw 1 of its levels.

Inventory:

Armour
 a - a +0 robe (worn)
Potions
 b - a potion of magic
 c - a potion of mutation {unknown}


   Skills:
 - Level 2.1 Dodging
 - Level 1.7 Stealth
 - Level 2.1 Spellcasting
 + Level 4.9 Summonings


You had 3 spell levels left.
You knew the following spells:

 Your Spells              Type           Power      Damage    Failure   Level
a - Summon Small Mammal   Summ           64%        N/A       3%          1

Your spell library contained the following spells:

 Spells                   Type           Power      Damage    Failure   Level
 Call Imp                 Summ           16%        N/A       4%          2
 Call Canine Familiar     Summ           16%        N/A       9%          3
 Summon Guardian Golem    Hex/Summ       9%         N/A       24%         3
 Summon Lightning Spire   Summ/Air       9%         N/A       61%         4


Dungeon Overview and Level Annotations

Branches:
Dungeon (1/15)

Altars:


Innate Abilities, Weirdness & Mutations

You are amphibious.
You cover ground slowly.
You can hop short distances.
You have an extended range of vision and can be seen from far away.


Message History

The hobgoblin is moderately wounded.
Your bat closely misses the hobgoblin.
The hobgoblin closely misses you.
Your bat hits the hobgoblin but does no damage.
Unknown command.
You barely miss the hobgoblin.
The hobgoblin is moderately wounded.
Your bat barely misses the hobgoblin.
Your bat hits the hobgoblin.
Your bat barely misses the hobgoblin.
The hobgoblin barely misses you.
Unknown command.
You hit the hobgoblin but do no damage.
The hobgoblin is heavily wounded.
Your bat barely misses the hobgoblin.
Your bat hits the hobgoblin. The hobgoblin barely misses you.
Unknown command.
You completely miss the hobgoblin.
The hobgoblin is severely wounded.
Your bat misses the hobgoblin.
Your bat closely misses the hobgoblin.
The hobgoblin closely misses you.
Unknown command.
You hit the hobgoblin.
The hobgoblin is almost dead.
Your bat hits the hobgoblin but does no damage. x2
Unknown command.
Your bat hits the hobgoblin but does no damage.
Your bat closely misses the hobgoblin.
Your bat hits the hobgoblin but does no damage.
The hobgoblin misses your bat.
You see here 8 stones.
Unknown command.
You closely miss the hobgoblin.
The hobgoblin is severely wounded.
Your bat misses the hobgoblin.
Your bat barely misses the hobgoblin.
The hobgoblin hits you.
* * * LOW HITPOINT WARNING * * *
Unknown command.
You hit the hobgoblin but do no damage.
The hobgoblin is severely wounded.
Your bat barely misses the hobgoblin.
Your bat misses the hobgoblin. The hobgoblin hits you.
You die...

..#.###.## #.#
.......#####.##
..#...........#
.##....#####..#########
##..#.># #...........
#.#....#####..#########
.#####........#### #
#.#####.....# ..#
#.###@# ... ...#bbg..#
#####.....# .........
###.....#.# #?.......#
#......#..# ###.##.. .#
#.# #.# #


You could see a hobgoblin (ally target) and 2 friendly bats.

Vanquished Creatures (collateral kills)
  A hobgoblin (D:1)
1 creature vanquished.

Notes
Turn   | Place    | Note
-------+----------+-------------------------------------------
     0 | D:1      | cdecastro the Barachi Summoner began the quest for the Orb.
     0 | D:1      | Reached XP level 1. HP: 13/13 MP: 3/3
   122 | D:1      | Slain by a hobgoblin

Illustrated notes

Levels and vault maps discovered:
D:1:      psy_arrival_spokes, layout_loops_ring,
          hellmonk_ecumenical_altar_leap_of_faith

Action                   || total
-------------------------++-------
Melee: Unarmed           ||    15
 Cast: Summon Small Mamm ||     4
Armor: Robe              ||     1
Dodge: Dodged            ||     7
